 Dungeon Crawl Stone Soup version 0.20.1-1-g8b1a95d (webtiles) character file.

6696 Zhenya24pyc the Severer (level 10, -3/115 HPs)
             Began as a Minotaur Berserker on Oct 2, 2017.
             Was an Elder of Trog.
             Slain by a skeletal warrior
             ... wielding a +0 glaive
             ... led by a death knight
              (15 damage)
             ... on level 9 of the Dungeon.
             The game lasted 00:11:13 (7738 turns).

Zhenya24pyc the Severer (Minotaur Berserker)        Turns: 7738, Time: 00:11:14

Health: -3/115     AC:  9    Str: 28    XL:     10   Next: 74%
Magic:  9/9        EV:  9    Int:  4    God:    Trog [****..]
Gold:   512        SH:  0    Dex: 12    Spells: 9/9 levels left

rFire    + . .     SeeInvis .   s - +0 war axe
rCold    . . .     Gourm    .   (no shield)
rNeg     . . .     Faith    .   n - +0 chain mail
rPois    .         Spirit   .   (helmet restricted)
rElec    .         Reflect  .   (no cloak)
rCorr    .         Harm     .   p - +0 pair of gloves
MR       .....                  (no boots)
Stlth    ..........             (no amulet)
Regen    0.3/turn               b - ring of protection from fire
MPRegen  0.2/turn               M - +3 ring of slaying

@: berserking, drained, very quick
A: retaliatory headbutt, horns 2
a: Berserk, Trog's Hand, Brothers in Arms, Burn Spellbooks, Renounce Religion


You were on level 9 of the Dungeon.
You worshipped Trog.
Trog was greatly pleased with you.
You were not hungry.

You visited 1 branch of the dungeon, and saw 9 of its levels.
You also visited: Sewer.

You collected 512 gold pieces.

Inventory:

Hand Weapons
 s - a +0 war axe (weapon)
Armour
 n - a +0 chain mail (worn)
 p - a +0 pair of gloves (worn)
Jewellery
 b - a ring of protection from fire (left hand)
 A - an uncursed ring of protection from fire
 C - a cursed amulet of inaccuracy {unknown}
 D - an uncursed ring of fire
 M - a +3 ring of slaying (right hand)
Wands
 t - a wand of random effects (29/48)
 u - a wand of random effects (17/48)
 v - a wand of paralysis (8/24)
 E - a wand of flame (25/48)
 J - a wand of paralysis (11/24)
 K - a wand of clouds (4/9)
 L - a wand of disintegration (7/24)
 O - a wand of polymorph (14/24)
 Q - a wand of confusion (37/48)
Scrolls
 d - 10 scrolls of identify {unknown}
 i - 3 scrolls of fog {unknown}
 j - 3 scrolls of immolation {unknown}
 k - a scroll of enchant weapon {unknown}
 m - 2 scrolls of recharging {unknown}
 y - a scroll of blinking {unknown}
 z - a scroll of amnesia {unknown}
 G - 2 scrolls of teleportation {unknown}
 H - 2 scrolls of remove curse {unknown}
 I - a scroll of silence {unknown}
 N - a scroll of fear {unknown}
Potions
 a - 2 potions of degeneration {unknown}
 e - a potion of invisibility {unknown}
 f - 3 potions of berserk rage {unknown}
 g - a potion of agility {unknown}
 l - 7 potions of heal wounds {unknown}
 o - 4 potions of haste {unknown}
 q - 3 potions of flight {unknown}
 r - 5 potions of curing {unknown}
 w - 2 potions of brilliance {unknown}
 B - 2 potions of magic {unknown}
 P - a potion of lignification {unknown}
Comestibles
 c - 7 bread rations
 h - 5 meat rations
 x - 7 fruits
 F - 3 royal jellies
 R - a chunk of flesh


   Skills:
 - Level 3.6(3.4) Fighting
 + Level 17.7(17.4) Axes
 - Level 2.4(2.2) Armour
 - Level 2.1(2.0) Dodging
 + Level 3.7(3.5) Stealth


You had 9 spell levels left.
You didn't know any spells.

Dungeon Overview and Level Annotations

Branches:
Dungeon (9/15)             Temple (0/1) D:6
   Lair: D:8-11         Orc: D:9-12

Altars:
Elyvilon

Shops:
D:4 !   D:5 }


Innate Abilities, Weirdness & Mutations

You reflexively headbutt those who attack you in melee.
You have a pair of horns on your head.


Message History

You hit the skeletal warrior.
The skeletal warrior is lightly damaged.
You hit the death knight but do no damage.
The skeletal warrior hits you with a glaive!!
You are too injured to fight recklessly!
You are too injured to fight recklessly!
You are too injured to fight recklessly!
You are too injured to fight recklessly!
A red film seems to cover your vision as you go berserk!
You feel yourself moving faster!
You feel mighty!
You feel a lot more hungry.
The death knight hits you with an enchanted great sword.
* * * LOW HITPOINT WARNING * * *
You slice the death knight!!
The death knight is moderately wounded.
You barely miss the skeletal warrior.
The death knight reflects your damage back at you!
* * * LOW HITPOINT WARNING * * *
You slice the freezing wraith!!
The skeletal warrior hits you with a glaive!
You die...

#.# #.# #.# #.# #.#
######################.#
.>.....?...............#
......zW................
.Z...Wp@..# #########
#########.# #.#
##################.#
...................#####
.).......................
)).......................
(########################
.#


You could see a death knight, a skeletal warrior, 2 freezing wraiths and a
leopard gecko skeleton.

Vanquished Creatures
  The ghost of Ferdoslav the Bludgeoner, a novice MiFi of Okawaru (D:9)
  Pikel (D:5)
  A troll (D:9)
  A hornet (D:8)
  A hippogriff (D:7)
  4 yaks (D:9)
  A spriggan (D:7)
  3 hungry ghosts
  Grum (D:9)
  Menkaure (D:4)
  A water moccasin (D:7)
  2 orc warriors (D:9)
  3 phantoms
  2 ice beasts (D:6)
  A sky beast (D:8)
  2 slaves (D:5)
  A black bear (D:9)
  4 wolves (D:9)
  An ogre (D:4)
  3 centaurs
  A crocodile (D:8)
  2 big kobolds
  6 bullfrogs
  A gnoll sergeant (D:8)
  3 scorpions
  4 wights (D:9)
  4 crimson imps
  A centaur zombie (D:6)
  3 jellies
  3 hounds
  5 orc priests
  Ijyb (D:4)
  Terence (D:2)
  4 orc wizards
  2 iguanas
  4 worker ants
  3 hound skeletons
  A worker ant zombie (D:9)
  5 gnolls (D:8)
  A howler monkey skeleton (D:8)
  A howler monkey zombie (D:7)
  11 adders
  A river rat (Sewer)
  2 shadow imps (D:9)
  An ooze (D:2)
  3 worms (D:2)
  10 leopard geckos
  21 orcs
  5 bats
  2 giant cockroaches (D:3)
  5 goblins
  5 hobgoblins (D:2)
  2 jackals
  12 kobolds
  3 quokkas
  2 ball pythons
  6 frilled lizards
  3 leopard gecko skeletons
  10 rats
195 creatures vanquished.

Vanquished Creatures (others)
  A crimson imp (D:5)
  An orc wizard (D:5)
  A centaur skeleton (D:5)
  An orc (D:5)
  A quokka skeleton (D:5)
5 creatures vanquished.

Grand Total: 200 creatures vanquished

Notes
Turn   | Place    | Note
-------+----------+-------------------------------------------
     0 | D:1      | Zhenya24pyc the Minotaur Berserker began the quest for the Orb.
     0 | D:1      | Reached XP level 1. HP: 19/19 MP: 0/0
    92 | D:1      | Reached skill level 4 in Axes
   150 | D:1      | Reached XP level 2. HP: 15/26 MP: 1/1
   390 | D:1      | You fall through a shaft!
   468 | D:2      | Reached skill level 5 in Axes
   499 | D:2      | Reached XP level 3. HP: 22/31 MP: 2/2
   595 | D:2      | Reached ** piety under Trog
   669 | D:2      | Noticed Terence
   681 | D:2      | Killed Terence
   681 | D:2      | Reached XP level 4. HP: 18/39 MP: 3/3
   769 | D:2      | Reached skill level 6 in Axes
  1299 | D:3      | Reached skill level 7 in Axes
  1299 | D:3      | Reached XP level 5. HP: 31/45 MP: 4/4
  1338 | D:3      | Reached skill level 1 in Stealth
  1386 | D:3      | Found a glowing drain.
  1395 | Sewer    | Entered a sewer
  1723 | Sewer    | Reached *** piety under Trog
  1725 | Sewer    | Reached skill level 8 in Axes
  1725 | Sewer    | Reached XP level 6. HP: 47/51 MP: 5/5
  1740 | Sewer    | Found a white marble altar of Elyvilon.
  2564 | D:4      | Noticed Ijyb
  2565 | D:4      | Paralysed by Ijyb for 7 turns
  2575 | D:4      | Killed Ijyb
  2600 | D:4      | Reached skill level 9 in Axes
  2762 | D:4      | Reached XP level 7. HP: 39/57 MP: 6/6
  2873 | D:4      | Noticed Menkaure
  2879 | D:4      | Killed Menkaure
  2879 | D:4      | Reached skill level 10 in Axes
  2958 | D:4      | Found Pasafrite's Distillery.
  3199 | D:5      | Entered Level 5 of the Dungeon
  3273 | D:5      | Found Liepemutyu's Gadget Shoppe.
  3327 | D:5      | Found a white marble altar of Elyvilon.
  3329 | D:5      | Noticed Pikel
  3344 | D:5      | Killed Pikel
  3344 | D:5      | Reached skill level 12 in Axes
  3344 | D:5      | Reached XP level 8. HP: 55/64 MP: 7/7
  4213 | D:6      | Reached skill level 13 in Axes
  4355 | D:6      | Reached XP level 9. HP: 51/70 MP: 8/8
  4429 | D:6      | Found a staircase to the Ecumenical Temple.
  4835 | D:7      | Reached skill level 14 in Axes
  5049 | D:7      | Reached **** piety under Trog
  5466 | D:8      | Received a gift from Trog
  5480 | D:8      | Reached skill level 15 in Axes
  5982 | D:8      | Reached XP level 10. HP: 71/77 MP: 9/9
  6364 | D:9      | Reached skill level 16 in Axes
  6774 | D:9      | Noticed Ferdoslav's ghost (novice MiFi)
  6789 | D:9      | Killed Ferdoslav's ghost
  6789 | D:9      | Reached skill level 17 in Axes
  6974 | D:9      | Noticed Grum
  6986 | D:9      | Killed Grum
  7731 | D:9      | Noticed a death knight
  7731 | D:9      | Noticed a skeletal warrior
  7738 | D:9      | Slain by a skeletal warrior

Skill      XL: |  1  2  3  4  5  6  7  8  9 10 |
---------------+-------------------------------+-----
Axes           | 4 5 7 8 9 12 13 15 17 | 17.7
Stealth        | 1 2 3 |  3.7
Fighting       | |  3.6
Armour         | |  2.4
Dodging        | |  2.1

Action                   |  1- 3 |  4- 6 |  7- 9 | 10-12 || total
-------------------------+-------+-------+-------+-------++-------
Melee: Hand axe          |    81 |   109 |       |       ||   190
       Headbutt          |    14 |    17 |    44 |    29 ||   104
       War axe           |       |    27 |   262 |   136 ||   425
Invok: Berserk           |     1 |     1 |     2 |     5 ||     9
  Eat: Chunk             |       |     8 |     8 |     5 ||    21
       Bread ration      |       |       |     1 |     1 ||     2
       Meat ration       |       |       |       |     1 ||     1
Armor: Animal skin       |    13 |       |       |       ||    13
       Chain mail        |       |    81 |   117 |    46 ||   244
Dodge: Dodged            |    60 |    54 |   100 |    42 ||   256
